 Dungeon Crawl Stone Soup version 0.20.1-1-g8b1a95d (webtiles) character file.

19900 HuneSparrow the Carver (level 12, -5/94 HPs)
             Began as a Demonspawn Fighter on Aug 9, 2017.
             Was an Elder of Qazlal.
             Slain by an orc knight
             ... wielding a +0 battleaxe
              (20 damage)
             ... on level 11 of the Dungeon on Aug 10, 2017.
             The game lasted 00:59:16 (12857 turns).

HuneSparrow the Carver (Demonspawn Fighter)        Turns: 12857, Time: 00:59:17

Health: -5/94      AC: 24    Str: 21    XL:     12   Next: 40%
Magic:  18/18      EV:  2    Int: 10    God:    Qazlal [****..]
Gold:   1093       SH: 22    Dex: 18    Spells: 11/11 levels left

rFire    + . .     SeeInvis .   a - +2 long sword
rCold    . . .     Gourm    .   O - +0 large shield of Distant Worlds {Dex+3}
rNeg     . . .     Faith    .   d - +4 crystal plate armour
rPois    .         Spirit   .   (no helmet)
rElec    .         Reflect  .   (no cloak)
rCorr    .         Harm     .   X - +0 pair of gloves
MR       +....                  (boots unavailable)
Stlth    ..........             o - amulet of regeneration
Regen    1.7/turn               C - ring of protection from fire
MPRegen  0.2/turn               Q - ring of protection from magic

@: repel missiles
A: hooves 3, thin skeletal structure 1, foul stench 1, powered by death 1, rot
immunity
a: Upheaval, Elemental Force, Renounce Religion


You were on level 11 of the Dungeon.
You worshipped Qazlal.
Qazlal was greatly pleased with you.
You were not hungry.

You visited 4 branches of the dungeon, and saw 16 of its levels.
You also visited: Sewer and Bailey.

You collected 1093 gold pieces.

Inventory:

Hand Weapons
 a - a +2 long sword (weapon)
Armour
 c - a +0 shield
 d - a +4 crystal plate armour (worn)
 g - the +4 scale mail of Servitude {Str+7}
   (You found it in a sewer)

   It affects your strength (+7).
 O - the +0 large shield of Distant Worlds (worn) {Dex+3}
   (You found it in a bailey)

   It affects your dexterity (+3).
 X - a +0 pair of gloves (worn)
Jewellery
 b - a +3 amulet of reflection
 h - an uncursed ring of see invisible
 j - a +3 ring of intelligence
 o - an amulet of regeneration (around neck)
 C - a ring of protection from fire (left hand)
 H - an uncursed ring of poison resistance
 Q - a ring of protection from magic (right hand)
 Y - an uncursed ring of flight
Wands
 k - a wand of lightning (9/15)
 t - a wand of enslavement (10/24)
 y - a wand of lightning (6/15)
 A - a wand of lightning (9/15)
 F - a wand of random effects (31/48)
 L - a wand of enslavement (12/24)
 R - a wand of iceblast (6/15)
Scrolls
 m - 4 scrolls of teleportation
 z - 3 scrolls of fear
 J - a scroll of remove curse
 U - 4 scrolls of amnesia
 W - a scroll of recharging
Potions
 e - a potion of magic
 i - a potion of mutation
 n - 5 potions of flight
 q - 2 potions of brilliance
 r - 7 potions of curing
 s - 3 potions of haste
 u - 2 potions of agility
 w - a potion of cancellation
 E - 4 potions of lignification
 G - a potion of berserk rage {unknown}
 K - a potion of ambrosia {unknown}
 V - 2 potions of invisibility
Books
 p - a book of Cantrips

   Spells                             Type                      Level
   a - Confusing Touch                Hexes                        1
   b - Animate Skeleton               Necromancy                   1
   c - Summon Small Mammal            Summoning                    1
   d - Apportation                    Translocation                1
 T - a book of Maledictions

   Spells                             Type                      Level
   a - Corona                         Hexes                        1
   b - Ensorcelled Hibernation        Hexes/Ice                    2
   c - Confuse                        Hexes                        3
   d - Tukima's Dance                 Hexes                        3
   e - Dazzling Spray                 Conjuration/Hexes            3
Miscellaneous
 S - a phantom mirror
Comestibles
 f - 9 bread rations
 l - 7 meat rations
 v - 3 royal jellies
 x - 3 fruits
 B - 9 chunks of flesh


   Skills:
 + Level 8.8 Fighting
 * Level 10.4 Long Blades
 + Level 8.4 Armour
 - Level 4.0 Dodging
 * Level 9.6 Shields
 + Level 9.0 Invocations


You had 11 spell levels left.
You didn't know any spells.

Dungeon Overview and Level Annotations

Branches:
Dungeon (11/15)            Temple (1/1) D:5            Lair (2/6) D:9
    Orc (2/2) D:11
  Swamp: Lair:2-4    Shoals: Lair:2-4     Snake: Lair:2-4    Spider: Lair:2-4
    Elf: Orc:2

Altars:
Ashenzari
Cheibriados
Dithmenos
Elyvilon
Fedhas
Gozag
Hepliaklqana
Kikubaaqudgha
Makhleb
Nemelex Xobeh
Okawaru
Qazlal
Ru
Sif Muna
Trog
Uskayaw
Vehumet
Xom
Yredelemnul
Zin
The Shining One
Beogh

Shops:
D:8 %   D:10 (


Innate Abilities, Weirdness & Mutations

You have hooves in place of feet.
You have a somewhat thin skeletal structure. (Dex +2, Stealth)
You may emit foul miasma when damaged in melee.
You regenerate a little health from kills.
You are immune to rotting.


Message History

There is a staircase back to the Dungeon, spattered with blood here.
Things that are here:
a robe; a dagger You block the two-headed ogre's attack. x2; The orc is struck by lightning.
You kill the orc!
Qazlal accepts your kill. The ogre hits you with a giant club.
* * * LOW HITPOINT WARNING * * *
The two-headed ogre hits you with a giant spiked club!
* * * LOW HITPOINT WARNING * * *
You emit a cloud of foul miasma!
The two-headed ogre completely misses you.
You climb upwards.
Welcome back to the Dungeon!
There is a staircase to the Orcish Mines here.
As you read the scroll of fear, it crumbles to dust.
You assume a fearsome visage.
The orc knight resists with some effort.
The two-headed ogre looks frightened! x2; The ogre looks frightened!
The orc knight hits you with a battleaxe!!
You die...

.8..# #..# #.#
....######..##################.#
...............................#
....(..........................#
...............................#
####.#########################.#
# ### #.#
##############################.#
...............§@O.............#
...............OoO.............#
###..(............§............#
#.####################.....[.#
#.# #.......#
###.####################.....#.#
.....................<.........#
...............................#
...............................#


You could see an orc knight, 2 two-headed ogres and an ogre (fleeing).

Vanquished Creatures
  An ogre mage (D:11)
  A hydra (Lair:2)
  4 two-headed ogres
  Nergalle (D:10)
  2 orc high priests (Orc:1)
  The ghost of Tutankhamun the Cleaver, a novice BaFi of Yredelemnul (D:9)
  A deep troll (Orc:1)
  An orc knight (Bailey)
  An ugly thing (D:11)
  A cyclops (D:10)
  A spiny frog (Lair:1)
  A gargoyle (D:10)
  5 trolls
  Grinder (Sewer)
  3 blink frogs (Lair:2)
  3 hippogriffs
  A vampire (D:11)
  A wyvern (Lair:1)
  6 yaks (D:10)
  A steam dragon (Lair:2)
  2 hungry ghosts
  Menkaure (D:4)
  4 wargs (Orc:1)
  A soldier ant (D:10)
  A porcupine (Lair:1)
  17 orc warriors
  An eye of draining (D:11)
  2 sky beasts
  A black bear (D:7)
  12 ogres
  An ice beast (D:11)
  A wolf (D:11)
  2 centaurs
  4 crocodiles
  2 big kobolds (Sewer)
  3 bullfrogs
  2 wyvern skeletons
  5 scorpions
  6 killer bees (D:10)
  5 wights (D:8)
  A howler monkey (D:4)
  2 crimson imps
  3 quasits
  A gnoll shaman (Orc:1)
  4 hounds
  16 orc priests
  A wyvern simulacrum (D:11)
  A centaur skeleton (D:11)
  A bullfrog skeleton (D:11)
  An iguana (D:4)
  12 orc wizards
  4 worker ants
  A hound skeleton (D:11)
  A worker ant zombie (D:8)
  9 gnolls
  14 adders
  4 shadow imps
  15 white imps (D:11)
  A worker ant simulacrum (D:11)
  7 ufetubi
  An ooze (Sewer)
  A worm (D:4)
  4 leopard geckos
  55 orcs
  6 giant cockroaches
  13 goblins
  9 hobgoblins
  15 jackals
  28 kobolds
  3 quokkas
  2 ball pythons
  9 bats
  3 frilled lizards
  A giant cockroach zombie (Sewer)
  A jackal zombie (D:7)
  A kobold zombie (Sewer)
  2 leopard gecko skeletons
  A quokka skeleton (D:9)
  8 rats
372 creatures vanquished.

Vanquished Creatures (others)
  An ooze (Sewer)
  A fungus (Lair:2)
2 creatures vanquished.

Grand Total: 374 creatures vanquished

Notes
Turn   | Place    | Note
-------+----------+-------------------------------------------
     0 | D:1      | HuneSparrow the Demonspawn Fighter began the quest for the Orb.
     0 | D:1      | Reached XP level 1. HP: 18/18 MP: 1/1
   171 | D:1      | Reached skill level 2 in Long Blades
   334 | D:1      | Gained mutation: You have large cloven feet. [demonic ancestry]
   334 | D:1      | Reached XP level 2. HP: 18/24 MP: 2/2
   989 | D:2      | Gained mutation: You regenerate a little health from kills. [demonic ancestry]
   989 | D:2      | Reached XP level 3. HP: 24/29 MP: 3/3
  1539 | D:3      | Gained mutation: You have hoof-like feet. [demonic ancestry]
  1539 | D:3      | Reached XP level 4. HP: 37/37 MP: 4/4
  1546 | D:3      | Found a glowing drain.
  1562 | Sewer    | Entered a sewer
  1733 | Sewer    | Found a burning altar of Makhleb.
  1733 | Sewer    | Noticed a big kobold
  1753 | Sewer    | Reached skill level 3 in Long Blades
  1761 | Sewer    | Gained mutation: You have hooves in place of feet. [demonic ancestry]
  1761 | Sewer    | Reached XP level 5. HP: 41/42 MP: 5/5
  2064 | Sewer    | Noticed Grinder
  2095 | Sewer    | Reached XP level 6. HP: 15/49 MP: 6/6
  2106 | Sewer    | Paralysed by Grinder for 3 turns
  2110 | Sewer    | Killed Grinder
  2110 | Sewer    | Reached XP level 7. HP: 40/55 MP: 7/7
  2324 | Sewer    | Got an ichor-stained scale mail
  2335 | Sewer    | Identified the +4 scale mail of Servitude {Str+7} (You found it in a sewer)
  2482 | D:3      | Found a glowing golden altar of the Shining One.
  2596 | D:3      | Reached skill level 4 in Long Blades
  2944 | D:4      | Noticed Menkaure
  2952 | D:4      | Killed Menkaure
  2952 | D:4      | Reached skill level 5 in Fighting
  3528 | D:4      | Found an iron altar of Okawaru.
  3573 | D:4      | Found a basalt altar of Yredelemnul.
  3833 | D:5      | Entered Level 5 of the Dungeon
  3982 | D:5      | Reached skill level 5 in Shields
  3982 | D:5      | Gained mutation: You have a somewhat thin skeletal structure. (Dex +2, Stealth) [demonic ancestry]
  3982 | D:5      | Reached XP level 8. HP: 63/63 MP: 8/8
  4002 | D:5      | Found a staircase to the Ecumenical Temple.
  4020 | Temple   | Entered the Ecumenical Temple
  4139 | Temple   | Became a worshipper of Qazlal Stormbringer
  4539 | D:5      | Found a deep blue altar of Sif Muna.
  4969 | D:6      | Reached skill level 5 in Long Blades
  5255 | D:7      | Reached skill level 5 in Armour
  5255 | D:7      | Reached skill level 1 in Invocations
  5346 | D:7      | Reached skill level 1 in Dodging
  6032 | D:8      | Found Zucveh's Food Boutique.
  6068 | D:8      | Found an ancient bone altar of Kikubaaqudgha.
  6072 | D:8      | Found a radiant altar of Vehumet.
  6077 | D:8      | Reached * piety under Qazlal
  6329 | D:8      | Found a flagged portal.
  6349 | Bailey   | Entered a bailey
  6421 | Bailey   | Gained mutation: You are immune to rotting. [demonic ancestry]
  6421 | Bailey   | Reached XP level 9. HP: 68/69 MP: 11/11
  6482 | Bailey   | Noticed an orc knight
  6582 | Bailey   | Noticed an orc knight
  6610 | Bailey   | Killed an orc knight
  6610 | Bailey   | Reached skill level 6 in Long Blades
  6751 | Bailey   | Got a faintly humming large shield
  6762 | Bailey   | Identified the cursed +0 large shield of Distant Worlds {Dex+3} (You found it in a bailey)
  7095 | D:8      | Found an opulent altar of Gozag.
  7307 | D:9      | Noticed Tutankhamun's ghost (novice BaFi)
  7469 | D:9      | Killed Tutankhamun's ghost
  7667 | D:9      | Reached skill level 7 in Long Blades
  7696 | D:9      | Found a staircase to the Lair.
  7702 | D:9      | Found a sacrificial altar of Ru.
  7959 | D:9      | Noticed a dagger
  7960 | D:9      | Noticed a dagger
  7976 | D:9      | Found a hide-covered altar of Uskayaw.
  7990 | D:9      | Reached skill level 5 in Invocations
  8063 | D:9      | Noticed a two-headed ogre
  8080 | D:9      | Killed a two-headed ogre
  8080 | D:9      | Gained mutation: You may emit foul miasma when damaged in melee. [demonic ancestry]
  8080 | D:9      | Reached XP level 10. HP: 55/79 MP: 12/14
  8094 | D:9      | Found a glowing silver altar of Zin.
  8375 | D:10     | Entered Level 10 of the Dungeon
  8375 | D:10     | Found Caechot's Antique Weapon Boutique.
  8526 | D:10     | Reached ** piety under Qazlal
  8566 | D:10     | Noticed Nergalle
  8616 | D:10     | Killed Nergalle
  9011 | D:10     | Noticed a gargoyle
  9014 | D:10     | Noticed a cyclops
  9029 | D:10     | Killed a gargoyle
  9029 | D:10     | Reached skill level 8 in Long Blades
  9043 | D:10     | Killed a cyclops
  9737 | Lair:1   | Entered Level 1 of the Lair of Beasts
  9780 | Lair:1   | Reached XP level 11. HP: 84/84 MP: 15/15
 10591 | Lair:2   | Noticed a six-headed hydra
 10595 | Lair:2   | Killed a six-headed hydra
 10595 | Lair:2   | Reached skill level 9 in Long Blades
 10771 | Lair:2   | Noticed an eight-headed hydra
 11024 | D:11     | Noticed a red ugly thing
 11039 | D:11     | Noticed a two-headed ogre
 11045 | D:11     | Killed a red ugly thing
 11058 | D:11     | Killed a two-headed ogre
 11554 | D:11     | Found a frozen archway.
 11610 | D:11     | Found a staircase to the Orcish Mines.
 11881 | Orc:1    | Entered Level 1 of the Orcish Mines
 11916 | D:11     | Reached *** piety under Qazlal
 11948 | Orc:1    | Noticed an ogre mage
 11950 | Orc:1    | Paralysed by an ogre mage for 2 turns
 11971 | Orc:1    | Noticed a two-headed ogre
 11984 | D:11     | Killed a two-headed ogre
 11996 | D:11     | Killed an ogre mage
 12155 | Orc:1    | Noticed an orc high priest
 12160 | Orc:1    | Reached XP level 12. HP: 83/94 MP: 18/18
 12200 | Orc:1    | Killed an orc high priest
 12200 | Orc:1    | Reached skill level 10 in Long Blades
 12262 | Orc:1    | You fall through a shaft!
 12262 | Orc:2    | Entered Level 2 of the Orcish Mines
 12365 | Orc:1    | Noticed an orc high priest
 12466 | Orc:1    | Killed an orc high priest
 12497 | Orc:1    | Reached **** piety under Qazlal
 12506 | Orc:1    | Found a roughly hewn altar of Beogh.
 12595 | Orc:2    | Noticed an ogre mage
 12597 | Orc:2    | Noticed a two-headed ogre
 12606 | Orc:2    | Noticed a two-headed ogre
 12715 | Orc:1    | Killed a two-headed ogre
 12737 | Orc:2    | Noticed a two-headed ogre
 12738 | Orc:2    | Noticed a two-headed ogre
 12853 | Orc:2    | Noticed a two-headed ogre
 12857 | D:11     | Slain by an orc knight

Skill      XL: |  1  2  3  4  5  6  7  8  9 10 11 12 |
---------------+-------------------------------------+-----
Long Blades    | 2 3 4 5 7 8 9 10 | 10.4
Shields        | 3 4 5 6 7 9 |  9.6
Armour         | 3 4 5 6 7 8 |  8.4
Fighting       | 4 5 6 7 8 |  8.8
Invocations    | 2 5 6 8 9 |  9.0
Dodging        | 2 3 4 |  4.0

Action                   |  1- 3 |  4- 6 |  7- 9 | 10-12 || total
-------------------------+-------+-------+-------+-------++-------
Melee: Long sword        |   102 |   123 |   475 |   723 ||  1423
       Kick              |    22 |    32 |   182 |   321 ||   557
Invok: Upheaval          |       |       |       |     5 ||     5
  Use: Scroll            |     1 |       |     9 |    20 ||    30
       Potion            |       |     3 |     4 |     1 ||     8
  Eat: Chunk             |     2 |     1 |     8 |    20 ||    31
       Bread ration      |       |     1 |     3 |       ||     4
Armor: Scale mail        |    61 |    88 |   143 |       ||   292
       Crystal plate arm |       |       |    59 |   418 ||   477
Dodge: Dodged            |    30 |    54 |    98 |    33 ||   215
Block: Shield            |    38 |    93 |   225 |       ||   356
       Large shield      |       |       |   156 |   757 ||   913
       Rpst.: Long sword |    11 |    15 |    23 |     5 ||    54
